 Dungeon Crawl Stone Soup version 0.22-a0-351-g29664b4 (webtiles) character file.

86 iamserjio the Skirmisher (level 4, -1/31 HPs)
             Began as an Octopode Fighter on Apr 13, 2018.
             Slain by an orc wizard
             ... wielding a +0 dagger
              (3 damage)
             ... on level 3 of the Dungeon.
             The game lasted 00:03:35 (1589 turns).

iamserjio the Skirmisher (Octopode Fighter)         Turns: 1589, Time: 00:03:36

Health: -1/31      AC:  1    Str: 15    XL:     4   Next: 49%
Magic:  4/4        EV: 12    Int: 10    God:
Gold:   94         SH:  8    Dex: 12    Spells: 3/3 levels left

rFire    . . .     SeeInvis .   a - +0 rapier
rCold    . . .     Gourm    .   b - +0 shield
rNeg     . . .     Faith    .   (helmet restricted)
rPois    .         Spirit   .   (no amulet)
rElec    .         Reflect  .   (no ring)
rCorr    .         Harm     .   (no ring)
MR       .....                  (no ring)
Stlth    +++.......             (no ring)
HPRegen  0.10/turn              (no ring)
MPRegen  0.09/turn              (no ring)
                                (no ring)
                                (no ring)

@: no status effects
A: almost no armour, stealthy swim, amphibious, 8 rings, constrict 8, camouflage
1, gelatinous body 1
a: no special abilities


You were on level 3 of the Dungeon.
You were not hungry.

You visited 1 branch of the dungeon, and saw 3 of its levels.

You collected 94 gold pieces.

Inventory:

Hand Weapons
 a - a +0 rapier (weapon)
Armour
 b - a +0 shield (worn)
Jewellery
 m - an uncursed ring of protection from fire {unknown}
Scrolls
 g - a scroll of fear {unknown}
 h - 2 scrolls of identify {unknown}
 i - 2 scrolls of magic mapping {unknown}
 l - a scroll of enchant armour {unknown}
Potions
 c - a potion of might
 e - a potion of mutation {unknown}
 f - a potion of haste {unknown}
 j - 3 potions of heal wounds {unknown}
 k - 2 potions of brilliance {unknown}
Comestibles
 d - a ration


   Skills:
 + Level 3.4 Fighting
 + Level 3.0 Short Blades
 + Level 3.3 Dodging
 * Level 3.3 Stealth
 - Level 3.0 Shields


You had 3 spell levels left.
You didn't know any spells.

Dungeon Overview and Level Annotations

Branches:
Dungeon (3/15)

Altars:
Elyvilon
Ru
Sif Muna
Uskayaw
Wu Jian
Zin
The Shining One


Innate Abilities, Weirdness & Mutations

You cannot wear most types of armour.
You are very stealthy in the water. (Stealth+)
You are amphibious.
You can wear up to eight rings at the same time.
You can use your tentacles to constrict eight enemies at once.
Your skin changes colour to match your surroundings (Stealth+).
Your rubbery body absorbs attacks. (AC +1, EV +1)


Message History

A magic dart appears from out of thin air!
The magic dart hits you! The goblin hits you with a club.
You closely miss the adder. Your grab misses the adder. You squeeze the adder!
The adder is almost dead.
You block the adder's attack. You block something's attack.
The goblin hits you but does no damage. You block the adder's attack.
You miss the adder. Your grab misses the adder.
The adder is almost dead.
Something hits you. The adder bites you.
* * * LOW HITPOINT WARNING * * *
The goblin hits you with a club.
* * * LOW HITPOINT WARNING * * *
You are too injured to fight recklessly!
You miss the adder. Your grab misses the adder.
You kill the adder!
Your Short Blades skill increases to level 3!
You block something's attack. The goblin closely misses you.
You closely miss the goblin. You grab the goblin. You constrict the goblin.
Something hits you.
You die...

#..# ###########
##.###.........#........
#......###'###.#........
.......# #.# #.#........
.......# #.###..........
.......+ ._###.+.....<..
###..#.# #.# #.........!
##.#.# #.# #.†g).....#
#...###+###..@).....#
##+.........#.......#
..........####.#########
..........# #.#
..........# #.#
.......#### #.# ######..
#.# ##. #.# .#


You could see a goblin.

Vanquished Creatures
  4 adders
  A worm (D:2)
  3 orcs (D:3)
  5 bats
  4 giant cockroaches
  A goblin (D:3)
  4 hobgoblins
  4 jackals (D:2)
  6 kobolds
  A ball python (D:1)
  5 frilled lizards
  7 rats
45 creatures vanquished.

Notes
Turn   | Place    | Note
-------+----------+-------------------------------------------
     0 | D:1      | iamserjio the Octopode Fighter began the quest for the Orb.
     0 | D:1      | Reached XP level 1. HP: 16/16 MP: 1/1
   126 | D:1      | Reached skill level 1 in Stealth
   176 | D:1      | Reached XP level 2. HP: 21/21 MP: 2/2
   764 | D:2      | Reached XP level 3. HP: 26/26 MP: 3/3
   796 | D:2      | Found an ornate altar of the Wu Jian Council.
   797 | D:2      | Found a hide-covered altar of Uskayaw.
   993 | D:2      | Reached XP level 4. HP: 13/31 MP: 4/4
  1306 | D:2      | Found a white marble altar of Elyvilon.
  1307 | D:2      | Found a glowing golden altar of the Shining One.
  1310 | D:2      | Found a glowing silver altar of Zin.
  1361 | D:2      | Found a sacrificial altar of Ru.
  1551 | D:3      | Found a deep blue altar of Sif Muna.
  1589 | D:3      | Slain by an orc wizard

Vault maps used:
D:1:      nagdon_arrival_zigzag_paths
D:2:      good_gods_temple_1, nicolae_ru_path_of_blood,
          grunt_temple_overflow_open
D:3:      lemuel_doored_altar, minivault_4, okawaru_trees_2, uniq_robin

Skill      XL: |  1  2  3  4 |
---------------+-------------+-----
Stealth        | 1 2 3 |  3.3
Short Blades   | 3 |  3.0
Fighting       | |  3.4
Dodging        | |  3.3
Shields        | |  3.0

Action                   |  1- 3 |  4- 6 || total
-------------------------+-------+-------++-------
Melee: Rapier            |    62 |    33 ||    95
       Constrict         |    14 |     4 ||    18
       Tentacles         |     7 |     2 ||     9
 Stab: Sleeping          |     7 |     6 ||    13
       Distracted        |     1 |       ||     1
  Eat: Chunk             |       |     2 ||     2
Armor: Skin              |     4 |     1 ||     5
Dodge: Dodged            |    45 |    15 ||    60
Block: Shield            |    38 |    15 ||    53

Table legend:
 A = Spawn XP
 B = Non-spawn XP
 C = Spawn XP percentage of total XP
 D = Spawn monster count
 E = Non-spawn monster count
 F = Spawn count percentage of total count
 G = Total turns spent on level
                    A         B        C        D         E        F      G
               +---------+---------+-------+---------+---------+-------+---------
         Total |       0 |     123 |   0.0 |       0 |      45 |   0.0 |  1589
               +---------+---------+-------+---------+---------+-------+---------
           D:1 |       0 |      14 |   0.0 |       0 |       9 |   0.0 |   594
           D:2 |       0 |      78 |   0.0 |       0 |      25 |   0.0 |   864
           D:3 |       0 |      31 |   0.0 |       0 |      11 |   0.0 |   131
               +---------+---------+-------+---------+---------+-------+---------
